 Dungeon Crawl Stone Soup version 0.30-a0-341-g682706514a (webtiles) character file.

Game seed: 1931310249575063404

410 Hybrs the Caller (level 6, -3/32 HPs)
             Began as a Deep Elf Summoner on Nov 4, 2022.
             Was a Believer of Fedhas.
             Slain by an ogre
             ... wielding a +0 giant club
              (15 damage)
             ... on level 4 of the Dungeon.
             The game lasted 00:11:16 (3642 turns).

Hybrs the Caller (Deep Elf Summoner)                Turns: 3642, Time: 00:11:17

Health: -3/32      AC:  4    Str: 12    XL:     6   Next: 58%
Magic:  15/15      EV: 13    Int: 22    God:    Fedhas [**....]
Gold:   174        SH:  0    Dex: 15    Spells: 6/15 levels left

rFire   x . .      SeeInvis .    l - +2 dagger (holy)
rCold   + . .      Faith    .    (no shield)
rNeg    . . .      Spirit   .    a - +0 robe
rPois   .          Reflect  .    (no helmet)
rElec   .          Harm     .    r - +0 cloak
rCorr   .          Rampage  .    (no gloves)
Will    .....                    o - +0 pair of boots
Stlth   +++.......               (no amulet)
HPRegen 0.25/turn                g - ring "Pohal" {Ice Str+7}
MPRegen 0.14/turn                (no ring)

@: no status effects
A: no striking features
a: Renounce Religion, Wall of Briars


You were on level 4 of the Dungeon.
You worshipped Fedhas.
Fedhas was pleased with you.
You visited 1 branch of the dungeon, and saw 4 of its levels.

You collected 174 gold pieces.

Inventory:

Hand Weapons
 l - a +2 dagger of holy wrath (weapon)
Armour
 a - a +0 robe (worn)
 o - a +0 pair of boots (worn)
 r - a +0 cloak (worn)
Jewellery
 g - the ring "Pohal" (left hand) {Ice Str+7}
   (You found it on level 3 of the Dungeon)

   [ring of ice]

   It enhances your ice magic.
   Str:       It affects your strength (+7).
   rF:        It makes you vulnerable to fire.
   rC:        It protects you from cold.
Scrolls
 c - a scroll of immolation {unknown}
 d - 3 scrolls of identify
 e - a scroll of butterflies {unknown}
 i - a scroll of noise {unknown}
 m - a scroll of enchant weapon {unknown}
 p - a scroll of torment {unknown}
 q - a scroll of teleportation {unknown}
Potions
 b - a potion of magic
 f - 4 potions of heal wounds
 h - a potion of degeneration {unknown}
 j - 3 potions of lignification {unknown}
 k - a potion of haste {unknown}
 n - a potion of ambrosia {unknown}


   Skills:
 + Level 4.2 Dodging
 + Level 4.6 Stealth
 + Level 5.0 Spellcasting
 * Level 6.5 Summonings


You had 6 spell levels left.
You knew the following spells:

 Your Spells              Type           Power      Damage    Failure   Level
a - Summon Small Mammal   Summ           100%       N/A       1%          1
b - Call Imp              Summ           34%        N/A       1%          2
c - Call Canine Familiar  Summ           34%        N/A       1%          3
d - Summon Guardian Gole  Hex/Summ       19%        N/A       8%          3

Your spell library contained the following spells:

 Spells                   Type           Power      Damage    Failure   Level
 Apportation              Tloc           10%        N/A       10%         1
 Necrotise                Necr           20%        1d5       10%         1
 Summon Lightning Spire   Summ/Air       19%        N/A       26%         4
 Portal Projectile        Hex/Tloc       10%        N/A       30%         3
 Leda's Liquefaction      Hex/Erth       2%         N/A       69%         4


Dungeon Overview and Level Annotations

Branches:
Dungeon (4/15)
 Temple: D:4-7

Altars:
Cheibriados
Fedhas

Shops:
D:1 *


Message History

Fedhas appreciates your contribution to the ecosystem.
The gnoll misses your hound.
Your hound bites the gnoll.
Your white imp closely misses the gnoll.
The gnoll barely misses your hound.
Your hound bites the gnoll.
Your white imp gestures at the gnoll.
The puff of frost hits the gnoll!
The gnoll dies!
Fedhas appreciates your contribution to the ecosystem.
Your white imp disappears in a puff of smoke!
Your guardian golem disappears in a puff of smoke!
You see here a +0 whip.
An orc comes into view. It is wielding a +0 dagger.
The orc shouts!
You hear a shout!
An orc is nearby!
An ogre comes into view. It is wielding a +0 giant club.
You hit the orc but do no damage. The orc misses you.
You closely miss the orc.
Your hound bites the orc.
The orc hits you with a +0 dagger.
Your hound barely misses the orc.
You hit the orc but do no damage.
The orc is lightly wounded.
Your hound bites the orc.
The orc hits you with a +0 dagger.
You closely miss the orc.
The orc is heavily wounded.
Your hound bites the orc but does no damage.
The orc hits you but does no damage.
Your hound misses the orc. You barely miss the orc.
The orc is heavily wounded.
Your hound bites the orc.
The orc closely misses your hound.
You hit the orc.
You kill the orc!
Fedhas appreciates your contribution to the ecosystem.
Your hound barely misses the ogre.
You hit the ogre.
The ogre is lightly wounded.
Your hound bites the ogre.
The ogre hits you with a +0 giant club!
You are too injured to fight recklessly!
You are too injured to fight recklessly!
The ogre attacks as you move away! The ogre hits you with a +0 giant club!
You die...
Fedhas appreciates your contribution to the ecosystem.

....#.....##.#..
#....#.....#.###########
#....<>....#.# #........
#....#.....#.# #........
+..(.+...#.#.# #........
#....###.###.# #........
.....###.....# #........
.##.#....#)### #)Oh.....
....##.#.#...###@.......
....##.#...#.#..........
....##.#...)............
....+#.#..<#............
....##...).#.......#####
....'......#.......#
....###.####.......#
....# #.# #.......#
..(.# #.# #.......#


You could see an ogre (ally target) and a friendly hound (summoned).

Vanquished Creatures
  A dart slug (D:1)
  An orc (D:4)
  3 bats (D:1)
  4 giant cockroaches
  7 ball pythons
  3 frilled lizards
  6 goblins
  A rat (D:1)
26 creatures vanquished.

Vanquished Creatures (collateral kills)
  An ogre (D:4)
  2 scorpions (D:4)
  Jessica (D:3)
  Terence (D:3)
  An orc wizard (D:4)
  Robin (D:3)
  2 adders (D:2)
  3 gnolls (D:4)
  A worm (D:2)
  4 orcs (D:4)
  3 bats (D:2)
  2 endoplasms
  10 goblins
  3 hobgoblins
  5 kobolds
  A quokka (D:1)
  2 rats
43 creatures vanquished.

Vanquished Creatures (others)
  A fungus (D:2)
1 creature vanquished.

Grand Total: 70 creatures vanquished

Notes
Turn   | Place    | Note
-------+----------+-------------------------------------------
     0 | D:1      | Hybrs the Deep Elf Summoner began the quest for the Orb.
     0 | D:1      | Reached XP level 1. HP: 10/10 MP: 6/6
   315 | D:1      | Reached XP level 2. HP: 9/15 MP: 8/8
   699 | D:2      | Learned a level 2 spell: Call Imp
   741 | D:2      | Found a snail-covered altar of Cheibriados.
  1046 | D:2      | Reached XP level 3. HP: 14/19 MP: 4/9
  1199 | D:2      | Reached skill level 5 in Summonings
  1212 | D:2      | Learned a level 3 spell: Call Canine Familiar
  1216 | D:2      | Learned a level 3 spell: Summon Guardian Golem
  1363 | D:2      | Found a faded altar of an unknown god.
  1394 | D:2      | Prayed at the altar of an unknown god.
  1394 | D:2      | Became a worshipper of Fedhas Madash
  1394 | D:2      | Reached * piety under Fedhas
  1729 | D:3      | Noticed Terence
  1745 | D:3      | Killed Terence
  1746 | D:3      | Reached XP level 4. HP: 11/24 MP: 6/11
  2000 | D:3      | Noticed Robin
  2047 | D:3      | Killed Robin
  2200 | D:3      | Identified the ring "Pohal" {Ice Str+7}
  2285 | D:3      | Noticed Jessica
  2310 | D:3      | Killed Jessica
  2401 | D:3      | Reached XP level 5. HP: 24/28 MP: 13/13
  2866 | D:4      | Reached ** piety under Fedhas
  3296 | D:4      | Reached skill level 6 in Summonings
  3296 | D:4      | Reached XP level 6. HP: 11/32 MP: 11/15
  3447 | D:4      | Found a blossoming altar of Fedhas.
  3533 | D:4      | Reached skill level 5 in Spellcasting
  3642 | D:4      | Slain by an ogre

Illustrated notes

Levels and vault maps discovered:
D:1:      dpeg_arrival_pits, layout_rooms, serial_shops, shop
D:2:      layout_basic, basic_altar, shapermc_ecumenical_altar_petra
D:3:      layout_loops_corners, uniq_jessica, uniq_robin, uniq_terence
D:4:      layout_basic, fedhas_altar_1, uniq_duvessa

Skill      XL: |  1  2  3  4  5  6 |
---------------+-------------------+-----
Stealth        | 3 4 |  4.6
Dodging        | 3 4 |  4.2
Summonings     | 5 6 |  6.5
Spellcasting   | 4 5 |  5.0

Action                   |  1- 3 |  4- 6 || total
-------------------------+-------+-------++-------
Melee: Unarmed           |    16 |       ||    16
       Spear             |    34 |       ||    34
       Dagger            |    15 |    46 ||    61
       Punch             |     1 |       ||     1
 Cast: Summon Small Mamm |    19 |     4 ||    23
       Call Imp          |     6 |     7 ||    13
       Call Canine Famil |     4 |     5 ||     9
       Summon Guardian G |       |     4 ||     4
  Use: Potion            |     1 |     2 ||     3
       Scroll            |       |     1 ||     1
 Stab: Sleeping          |     5 |     4 ||     9
Armor: Robe              |    43 |     8 ||    51
Dodge: Dodged            |    88 |    48 ||   136

Table legend: (Time is in decaauts)
 A = Elapsed time spent in this place.
 B = Non-inter-level travel time spent in this place.
 C = Inter-level travel time spent in this place.
 D = Time resting spent in this place.
 E = Time spent auto-exploring this place.
 F = Levels seen in this place.
 G = Mean time per level.
                   A        B        C        D        E       F      G
               +--------+--------+--------+--------+--------+-----+--------+
         Total |   3646 |   3529 |    117 |    346 |   2435 |   4 |  911.5 |
       Dungeon |   3646 |   3529 |    117 |    346 |   2435 |   4 |  911.5 |
               +--------+--------+--------+--------+--------+-----+--------+

Top non-repeatable levels by time:
     D:3: 1119 daAuts
     D:2: 1009 daAuts
     D:4: 842 daAuts
     D:1: 674 daAuts
